 Dungeon Crawl Stone Soup version 0.30-a0-1075-gcd70e7a56d (webtiles) character file.

Game seed: 15683440291676285990

21870 funkygono the Severer (level 12, -5/110 HPs)
             Began as a Minotaur Fighter on Apr 14, 2023.
             Was a High Priest of Okawaru.
             Slain by a 16-headed hydra (10 damage)
             ... on level 3 of the Lair of Beasts.
             The game lasted 00:22:25 (10973 turns).

funkygono the Severer (Minotaur Fighter)           Turns: 10973, Time: 00:22:25

Health: -5/110     AC: 25    Str: 27    XL:     12   Next: 58%
Magic:  13/13      EV:  8    Int:  5    God:    Okawaru [*****.]
Gold:   865        SH: 11    Dex: 12    Spells: 11/11 levels left

rFire   . . .      SeeInvis .    a - +5 war axe
rCold   + . .      Faith    .    z - +0 kite shield
rNeg    . . .      Spirit   .    H - +0 plate armour
rPois   .          Reflect  .    (helmet restricted)
rElec   .          Rampage  .    o - +1 cloak of Death Resistance {Str+3}
rCorr   .                        A - +0 pair of gloves
Will    .....                    C - +1 pair of boots Stlth
                                 r - amulet of regeneration
HPRegen 1.18/turn                m - ring of protection from cold
MPRegen 0.13/turn                F - +4 ring of protection

@: no status effects
A: horns 2, retaliatory headbutt
a: Renounce Religion, Heroism, Finesse, Duel


You were on level 3 of the Lair of Beasts.
You worshipped Okawaru.
Okawaru was extremely pleased with you.
You visited 3 branches of the dungeon, and saw 14 of its levels.
You also visited: Sewer.

You collected 865 gold pieces.

Inventory:

Hand Weapons
 a - a +5 war axe (weapon)
Missiles
 w - 17 poisoned darts
 y - 4 boomerangs (quivered)
 K - 6 atropa-tipped darts
Armour
 e - a +0 hat
 o - the +1 cloak of Death Resistance (worn) {Str+3}
   (You found it on level 7 of the Dungeon)

   Str:       It affects your strength (+3).
 t - a scarf of resistance
 z - a +0 kite shield (worn)
 A - a +0 pair of gloves (worn)
 C - a +1 pair of boots (worn)
 H - a +0 plate armour (worn)
Jewellery
 c - a +6 ring of dexterity
 h - a ring of fire
 m - a ring of protection from cold (left hand)
 n - an amulet of reflection
 r - an amulet of regeneration (around neck)
 B - a ring of fire
 F - a +4 ring of protection (right hand)
Wands
 d - a wand of paralysis (8)
 i - a wand of quicksilver (24)
 s - a wand of iceblast (10)
 x - a wand of mindburst (2)
 D - a wand of flame (4)
Scrolls
 g - 2 scrolls of fog
 l - 5 scrolls of blinking
 E - 2 scrolls of teleportation
 G - a scroll of identify
Potions
 b - 3 potions of curing
 f - 12 potions of ambrosia
 j - 3 potions of flight
 k - 3 potions of heal wounds
 p - 2 potions of berserk rage
 q - 2 potions of might
 u - a potion of resistance
 v - a potion of haste


   Skills:
 + Level 11.4 Fighting
 + Level 15.8 Axes
 + Level 1.1 Throwing
 + Level 11.7 Armour
 + Level 5.4 Dodging
 + Level 1.8 Stealth
 + Level 10.3 Shields
 + Level 3.1 Invocations


You had 11 spell levels left.
You didn't know any spells.
Your spell library contained the following spells:

 Spells                   Type           Power      Damage    Failure   Level
 Beastly Appendage        Tmut           0%         N/A       100%        1
 Ensorcelled Hibernation  Hex/Ice        0%         N/A       100%        2
 Wereblood                Tmut           0%         N/A       100%        2
 Dazzling Flash           Conj/Hex       0%         N/A       100%        3
 Inner Flame              Hex/Fire       0%         N/A       100%        3
 Spider Form              Tmut/Pois      0%         N/A       100%        3
 Anguish                  Hex/Necr       0%         N/A       100%        4
 Leda's Liquefaction      Hex/Erth       0%         N/A       100%        4
 Agony                    Necr           0%         N/A       100%        5
 Alistair's Intoxication  Tmut/Pois      0%         N/A       100%        5
 Borgnjor's Vile Clutch   Necr/Erth      0%         N/A       100%        5
 Lee's Rapid Deconstruct  Erth           0%         3d4*      100%        5
 Silence                  Hex/Air        0%         N/A       100%        5
 Yara's Violent Unravell  Hex/Tmut       0%         3d3       100%        5
 Eringya's Noxious Bog    Tmut/Pois      0%         N/A       100%        6
 Statue Form              Tmut/Erth      0%         N/A       100%        6
 Enfeeble                 Hex            0%         N/A       100%        7


Dungeon Overview and Level Annotations

Branches:
Dungeon (10/15)            Temple (1/1) D:5            Lair (3/5) D:8
  Swamp (0/4) Lair:2       Spider (0/4) Lair:2        Sewer (visited)
    Orc: D:9-12

Altars:
Ashenzari
Cheibriados
Dithmenos
Elyvilon
Fedhas
Gozag
Hepliaklqana
Kikubaaqudgha
Makhleb
Nemelex Xobeh
Okawaru
Ru
Sif Muna
Trog
Uskayaw
Vehumet
Wu Jian
Xom
Yredelemnul
Zin
The Shining One

Shops:
D:7 *

Annotations:
Lair:2 1 runed translucent door, adept's ghost, journeyman TrFi


Innate Abilities, Weirdness & Mutations

You have a pair of horns on your head.
You reflexively headbutt those who attack you in melee.


Message History

You block the 14-headed hydra's attack. The 14-headed hydra bites you!
* * * LOW HITPOINT WARNING * * *
The 14-headed hydra bites you.
* * * LOW HITPOINT WARNING * * *
You chop one of the 14-headed hydra's heads off!
The 13-headed hydra grows two more!
You slash the 15-headed hydra! You headbutt the 15-headed hydra!
The 15-headed hydra is severely wounded.
You barely miss the basilisk. You block the 15-headed hydra's attack.
The 15-headed hydra bites you but does no damage. x2
The 15-headed hydra barely misses you.
The 15-headed hydra bites you but does no damage.
You block the 15-headed hydra's attack.
The 15-headed hydra bites you but does no damage. x5
The 15-headed hydra barely misses you.
The 15-headed hydra bites you but does no damage.
The 15-headed hydra closely misses you.
The 15-headed hydra bites you but does no damage.
You feel much better. The basilisk bites you!
The 15-headed hydra bites you but does no damage. x2
You block the 15-headed hydra's attack. The 15-headed hydra misses you.
The 15-headed hydra bites you. The 15-headed hydra bites you!
* * * LOW HITPOINT WARNING * * *
The 15-headed hydra bites you.
* * * LOW HITPOINT WARNING * * *
The 15-headed hydra bites you!
* * * LOW HITPOINT WARNING * * *
You block the 15-headed hydra's attack.
The 15-headed hydra bites you but does no damage. x2
The 15-headed hydra barely misses you. You block the 15-headed hydra's attack.
The 15-headed hydra bites you.
* * * LOW HITPOINT WARNING * * *
The 15-headed hydra bites you.
* * * LOW HITPOINT WARNING * * *
You chop one of the 15-headed hydra's heads off!
The 14-headed hydra grows two more!
You slice the 16-headed hydra!!
The 16-headed hydra is almost dead.
You barely miss the basilisk. The basilisk barely misses you.
The 16-headed hydra bites you!
You die...

...# ####.#.## .#+..
#..### .... ##...#
..... ####.#†######
.$.D. #P...........#
.... ##.........### ..#
#..........#
#.####..........#
+..D@............#
......##l.......(.....#
....# ####..........##
### ####.##...## ###
P### #


You could see a 16-headed hydra and a basilisk.

Vanquished Creatures
  A hydra (Lair:1)
  A two-headed ogre (D:10)
  A bog body (Lair:2)
  Pikel (D:6)
  A black mamba (Lair:2)
  Maurice (D:8)
  3 cane toads
  A torpor snail (Lair:2)
  A rime drake (Lair:3)
  An unseen horror (D:10)
  An unseen horror zombie (D:7)
  6 komodo dragons
  A polar bear (Lair:3)
  A queen bee (Lair:1)
  6 blink frogs (Lair:1)
  Grinder (D:6)
  3 dream sheep (Lair:2)
  A shadow (D:10)
  20 yaks
  10 wyverns
  2 wraiths
  A redback (Lair:2)
  A steam dragon (D:6)
  10 basilisks
  Menkaure (D:5)
  An acid dragon (D:9)
  A hell hound (Lair:3)
  9 water moccasins
  Duvessa (D:7)
  Pargi (Sewer)
  3 sky beasts
  3 orc warriors
  A black bear (D:7)
  2 ogres
  A centaur (D:7)
  2 phantoms (D:5)
  3 lemures (D:6)
  2 kobold brigands
  5 bullfrogs
  6 scorpions
  A gnoll sergeant (D:8)
  A wyvern zombie (D:7)
  13 wights
  Dowan (D:7)
  30 killer bees
  An electric eel (Lair:1)
  8 howler monkeys
  3 centaur zombies (D:7)
  4 crimson imps (D:5)
  A jelly (D:5)
  A gnoll bouda (D:8)
  4 hounds
  3 orc priests
  7 orc wizards
  7 iguanas
  4 hell rats (Lair:3)
  A killer bee zombie (D:7)
  A mummy (D:8)
  A howler monkey zombie (D:7)
  5 adders
  12 gnolls
  4 white imps (D:6)
  An ufetubus (D:4)
  4 worms
  A dart slug (D:2)
  37 orcs
  8 bats
  6 endoplasms
  A giant cockroach (D:1)
  8 hobgoblins
  2 jackals (D:5)
  5 quokkas
  6 ball pythons
  8 frilled lizards
  5 goblins
  11 kobolds
  2 rats (D:1)
  A spectral orc (D:8)
337 creatures vanquished.

Vanquished Creatures (others)
  6 fungi
  10 plants
  4 withered plants (D:7)
20 creatures vanquished.

Grand Total: 357 creatures vanquished

Notes
Turn   | Place    | Note
-------+----------+-------------------------------------------
     0 | D:1      | funkygono the Minotaur Fighter began the quest for the Orb.
     0 | D:1      | Reached XP level 1. HP: 19/19 MP: 0/0
    50 | D:1      | Reached XP level 2. HP: 24/27 MP: 1/1
   430 | D:1      | Reached XP level 3. HP: 30/33 MP: 2/2
   762 | D:2      | Reached skill level 3 in Axes
  1475 | D:2      | Found a faded altar of an unknown god.
  1522 | D:2      | Found a shimmering altar of Xom.
  1598 | D:3      | Reached XP level 4. HP: 41/41 MP: 3/3
  1859 | D:3      | Reached skill level 4 in Axes
  1865 | D:3      | Reached XP level 5. HP: 26/47 MP: 4/4
  1948 | D:3      | Found a shimmering blue altar of Sif Muna.
  2512 | D:4      | Reached skill level 1 in Dodging
  2677 | D:4      | Found an ancient bone altar of Kikubaaqudgha.
  3062 | D:5      | Entered Level 5 of the Dungeon
  3062 | D:5      | Noticed a phantom
  3073 | D:5      | Reached skill level 5 in Axes
  3075 | D:5      | Killed a phantom
  3076 | D:5      | Reached skill level 5 in Armour
  3076 | D:5      | Reached XP level 6. HP: 38/55 MP: 5/5
  3122 | D:5      | Reached skill level 6 in Axes
  3153 | D:5      | Found a shimmering altar of Xom.
  3221 | D:5      | Noticed a yak
  3221 | D:5      | Noticed a yak
  3222 | D:5      | Noticed a yak
  3222 | D:5      | Noticed a yak
  3223 | D:5      | Noticed a yak
  3224 | D:5      | Noticed a yak
  3233 | D:5      | Killed a yak
  3234 | D:5      | Reached skill level 5 in Fighting
  3234 | D:5      | Reached XP level 7. HP: 29/61 MP: 6/6
  3241 | D:5      | Killed a yak
  3242 | D:5      | Reached skill level 7 in Axes
  3242 | D:5      | Reached skill level 1 in Stealth
  3246 | D:5      | Killed a yak
  3255 | D:5      | Killed a yak
  3256 | D:5      | Reached skill level 8 in Axes
  3256 | D:5      | Reached XP level 8. HP: 5/69 MP: 7/7
  3258 | D:5      | HP: 3/69 [yak (6)]
  3379 | D:5      | Reached skill level 9 in Axes
  3398 | D:5      | Found a staircase to the Ecumenical Temple.
  3678 | D:5      | Reached skill level 5 in Shields
  3735 | D:5      | Found a glowing drain.
  3747 | Sewer    | Entered a sewer
  3766 | Sewer    | Noticed Pargi
  3770 | Sewer    | Killed Pargi
  3947 | D:5      | Noticed Menkaure
  3957 | D:5      | Killed Menkaure
  3958 | D:5      | Reached skill level 10 in Axes
  4235 | D:5      | Reached XP level 9. HP: 67/78 MP: 8/8
  4252 | D:5      | Found a sparkling altar of Nemelex Xobeh.
  4431 | D:5      | Reached skill level 1 in Throwing
  4673 | Temple   | Entered the Ecumenical Temple
  4717 | Temple   | Became a worshipper of Warmaster Okawaru
  4931 | D:6      | Noticed Grinder
  4941 | D:6      | Killed Grinder
  5223 | D:6      | Noticed Pikel
  5230 | D:6      | Killed Pikel
  5230 | D:6      | Reached * piety under Okawaru
  5231 | D:6      | Reached skill level 11 in Axes
  5310 | D:6      | Reached ** piety under Okawaru
  5937 | D:7      | Reached skill level 12 in Axes
  6018 | D:7      | Reached XP level 10. HP: 87/88 MP: 9/9
  6062 | D:7      | Identified the +1 cloak of Death Resistance {Str+3}
  6298 | D:7      | Found Avidyrips's General Store.
  6575 | D:7      | Reached *** piety under Okawaru
  6591 | D:7      | Noticed Duvessa
  6591 | D:7      | Noticed Dowan
  6600 | D:7      | Killed Duvessa
  6601 | D:7      | Reached skill level 1 in Invocations
  6601 | D:7      | Killed Dowan
  6849 | D:8      | Found a large runed translucent door.
  6863 | D:8      | Found a large runed translucent door.
  6871 | D:8      | Noticed Maurice
  6925 | D:8      | Killed Maurice
  6976 | D:8      | Found a staircase to the Lair.
  6979 | D:8      | You fall into a shaft and drop 2 floors!
  6979 | D:10     | Entered Level 10 of the Dungeon
  7033 | D:10     | Reached skill level 13 in Axes
  7173 | D:10     | Received a gift from Okawaru
  7359 | D:10     | Noticed a two-headed ogre
  7369 | D:10     | Killed a two-headed ogre
  7497 | D:9      | Reached skill level 10 in Armour
  7511 | D:9      | Reached XP level 11. HP: 85/97 MP: 9/11
  7643 | D:8      | Found a basalt altar of Yredelemnul.
  7726 | D:8      | Found a snail-covered altar of Cheibriados.
  7983 | D:8      | Found a hazy altar of Hepliaklqana.
  8054 | D:8      | Found a shadowy altar of Dithmenos.
  8057 | D:8      | Found a burning altar of Makhleb.
  8137 | Lair:1   | Entered Level 1 of the Lair of Beasts
  8144 | Lair:1   | Reached skill level 14 in Axes
  8365 | Lair:1   | Reached **** piety under Okawaru
  8607 | Lair:1   | Reached skill level 10 in Fighting
  8700 | Lair:1   | Noticed a six-headed hydra
  8713 | Lair:1   | HP: 4/99 [11-headed hydra (4)]
  8714 | Lair:1   | Killed a 12-headed hydra
  9226 | Lair:2   | Found a staircase to the Swamp.
  9226 | Lair:2   | Noticed a bog body
  9234 | Lair:2   | Killed a bog body
  9327 | Lair:2   | Reached XP level 12. HP: 84/108 MP: 11/13
  9457 | Lair:2   | Found a hole to the Spider Nest.
  9479 | Lair:2   | Reached ***** piety under Okawaru
  9480 | Lair:2   | Reached skill level 5 in Dodging
  9542 | Lair:2   | Reached skill level 15 in Axes
 10002 | Lair:2   | Found a runed translucent door.
 10003 | Lair:2   | Found a shimmering altar of Xom.
 10003 | Lair:2   | Noticed adept's ghost (journeyman TrFi)
 10792 | Lair:3   | Received a gift from Okawaru
 10804 | Lair:3   | Reached skill level 10 in Shields
 10951 | Lair:3   | Noticed a seven-headed hydra
 10972 | Lair:3   | HP: 4/110 [15-headed hydra (3)]
 10973 | Lair:3   | Slain by a 16-headed hydra

Illustrated notes

Levels and vault maps discovered:
D:1:      amcnicky_arrival_gap_in_the_tavern_cellar, layout_loops_ring
D:2:      layout_basic, basic_altar, shapermc_ecumenical_altar_mp_highgroup
D:3:      layout_basic, led_sif_book, lightli_corner_chamber
D:4:      layout_cave_pods, mainiacjoe_overflow_brackets
D:5:      layout_loops_corners, kennysheep_mini_moat, led_xom_imps,
          minmay_temple_entry_nine_rooms, cheibrodos_sewer_entry_bend,
          grunt_ministairs_7, item_on_display_b, uniq_menkaure
D:6:      layout_loops_ring, uniq_grinder, uniq_pikel
D:7:      layout_loops_corners, serial_undead, serial_undead_f, serial_undead_d,
          serial_undead_a, serial_undead_f, serial_shops, shop, uniq_duvessa
D:8:      layout_cave_pools, yredelemnul_forgotten_temple_becter,
          nicolae_hepliaklqana_hippocampus, jmf_multi_god_temple2, slow_altar_1,
          uniq_maurice
D:9:      layout_roguey, nicolae_qazlal_general_emergency, serial_rivers,
          chequers_serial_rivers_marsh, chequers_serial_rivers_micro_b,
          chequers_serial_rivers_micro_a, chequers_serial_rivers_room_b,
          chequers_serial_rivers_marsh, nrook_mini_backslash,
          hangedman_abyss_or_decor_lesser_grid
D:10:     layout_stronghold
Temple:   nicolae_temple_bog_church
Lair:1:   beast_lair_carwin_large_3, layout_gridlike, special_room
          [special_room_bee], serial_bayou_shore_b, lemuel_fruit_tree,
          serial_bayou_shore_a
Lair:2:   layout_cave_shapes, skrybe_swamp_entry_bodies, spider_nest_entry_webs,
          ebering_ghost_xom
Lair:3:   layout_roguey [special_room_mythical_zoo], lemuel_another_geyser

Skill      XL: |  1  2  3  4  5  6  7  8  9 10 11 12 |
---------------+-------------------------------------+-----
Fighting       | 4 5 6 7 9 10 11 | 11.4
Armour         | 4 5 6 7 9 10 11 | 11.7
Shields        | 4 5 7 9 10 | 10.3
Axes           | 3 4 5 6 8 10 12 13 14 15 | 15.8
Dodging        | 1 2 3 4 5 |  5.4
Stealth        | 1 |  1.8
Throwing       | 1 |  1.1
Invocations    | 2 3 |  3.1

Action                     |  1- 3 |  4- 6 |  7- 9 | 10-12 || total
---------------------------+-------+-------+-------+-------++-------
  Melee: War axe           |    83 |   115 |   227 |   537 ||   962
         Headbutt          |    12 |    19 |    45 |   123 ||   199
  Throw: Dart              |       |     1 |     2 |     1 ||     4
 Invoke: Heroism           |       |       |       |    20 ||    20
    Use: Potion            |       |       |     1 |     1 ||     2
         Scroll            |       |       |    17 |    11 ||    28
 Armour: Scale mail        |    39 |       |       |       ||    39
         Chain mail        |    12 |    54 |    93 |   224 ||   383
         Plate armour      |       |       |       |   103 ||   103
  Dodge: Dodged            |    41 |    48 |    68 |   223 ||   380
  Block: Buckler           |    30 |    30 |    39 |       ||    99
         Kite shield       |       |       |     7 |   363 ||   370

Table legend: (Time is in decaauts)
 A = Elapsed time spent in this place.
 B = Non-inter-level travel time spent in this place.
 C = Inter-level travel time spent in this place.
 D = Time resting spent in this place.
 E = Time spent auto-exploring this place.
 F = Levels seen in this place.
 G = Mean time per level.
                   A        B        C        D        E       F      G
               +--------+--------+--------+--------+--------+-----+--------+
         Total |  11041 |  10339 |    702 |    326 |   7293 |  15 |  736.1 |
       Dungeon |   8027 |   7505 |    522 |    326 |   5130 |  10 |  802.7 |
        Temple |    158 |    134 |     24 |      0 |    114 |   1 |  158.0 |
          Lair |   2710 |   2555 |    155 |      0 |   1951 |   3 |  903.3 |
         Sewer |    146 |    146 |      0 |      0 |     98 |   1 |  146.0 |
               +--------+--------+--------+--------+--------+-----+--------+

Top non-repeatable levels by time:
     D:5: 1594 daAuts
  Lair:2: 1176 daAuts
     D:7: 1062 daAuts
  Lair:1: 1058 daAuts
     D:6: 908 daAuts
     D:2: 839 daAuts
     D:3: 772 daAuts
     D:4: 766 daAuts
     D:8: 764 daAuts
     D:1: 742 daAuts
    D:10: 495 daAuts
  Lair:3: 474 daAuts
  Temple: 158 daAuts
   Sewer: 146 daAuts
     D:9: 80 daAuts
